 Dungeon Crawl Stone Soup version 0.28-a0-657-g71136c5590 (webtiles) character file.

Game seed: 14212504851134708722

49 Drevant2 the Sneak (level 3, 0/18 HPs)
             Began as a Vine Stalker Brigand on Oct 13, 2021.
             Slain by an orc priest (1 damage)
             ... on level 2 of the Dungeon.
             The game lasted 00:02:02 (1102 turns).

Drevant2 the Sneak (Vine Stalker Brigand)           Turns: 1102, Time: 00:02:03

Health: 0/18       AC:  3    Str: 13    XL:     3   Next: 75%
Magic:  0/4        EV: 12    Int: 11    God:
Gold:   72         SH:  0    Dex: 16    Spells: 2/2 levels left

rFire   . . .      SeeInvis .   a - +2 dagger
rCold   . . .      Faith    .   (no shield)
rNeg    . . .      Spirit   +   b - +0 robe
rPois   .          Reflect  .   (no helmet)
rElec   .          Harm     .   c - +0 cloak
rCorr   .          Rampage  .   (no gloves)
Will    .....                   (no boots)
Stlth   +++.......              (no amulet)
HPRegen 0.06/turn               (no ring)
MPRegen 0.09/turn               (no ring)

@: brilliant
A: fangs 2, magic shield, antimagic bite, no potion heal 2
a: no special abilities


You were on level 2 of the Dungeon.
You visited 1 branch of the dungeon, and saw 2 of its levels.

You collected 72 gold pieces.

Inventory:

Hand Weapons
 a - a +2 dagger (weapon)
Missiles
 d - 8 poisoned darts (quivered)
 e - 2 curare-tipped darts
Armour
 b - a +0 robe (worn)
 c - a +0 cloak (worn)
Jewellery
 g - a ring of see invisible


   Skills:
 - Level 1.7 Fighting
 * Level 2.7 Short Blades
 - Level 1.9 Throwing
 + Level 1.4 Dodging
 + Level 5.3 Stealth


You had 2 spell levels left.
You didn't know any spells.
Your spell library was empty.

Dungeon Overview and Level Annotations

Branches:
Dungeon (2/15)

Altars:


Innate Abilities, Weirdness & Mutations

You have extremely sharp teeth.
When hurt, damage is shared between your health and your magic reserves.
Your bite disrupts and absorbs the magic of your enemies.
Potions cannot restore your health.


Message History

HP restored.
There is an open door here.
A bat comes into view.
A bat is nearby!
A bat is nearby!
The helpless bat fails to defend itself.
You impale the bat!!
You kill the bat!
No target in view!
No target in view!
You see here a bat corpse.
An orc comes into view. It is wielding a +1 vampiric dagger.
Found a stone staircase leading up and a stone staircase leading down.
An orc is nearby!
An orc is nearby!
An orc is nearby! 2 orcs and 3 orc priests come into view.
An orc priest is nearby!
The orc priest calls down the wrath of Beogh upon you.
Beogh smites you!
A hobgoblin comes into view.
An endoplasm comes into view.
The orc priest mumbles some strange prayers to Beogh against you.
Beogh smites you!
Ouch! That really hurt!
* * * LOW HITPOINT WARNING * * *
It was a potion of brilliance.
You feel clever all of a sudden.
You aren't carrying any potions.
Unknown command.
You aren't carrying any scrolls.
The orc priest hits you with a +0 dagger.
* * * LOW HITPOINT WARNING * * *
You barely miss the orc priest. You barely miss the orc priest.
The orc priest barely misses you.
You hit the orc priest. You bite the orc priest. You drain its power.
You feel invigorated.
The orc priest is moderately wounded.
The orc priest hits you with a +0 dagger.
You die...

#..###.# #.......#
#..o...# #.......#
#.....)# #.....##
#......# #......#
#......####......# #####
#................# #....
#......#.#.......########
#.###
#...(..#.#.#..o.........#
#.#
#......#.#.###@########.#
#.### ###...>#.#.....#
#.# #...# #.####.#######
#.# ###.# .[ ... #.# #..
.# #.# #.# #.. #.# #.#
#.. ..g #.#####..
#.....#.. #####.#..


You could see an orc priest.

Vanquished Creatures
  A gnoll (D:1)
  An adder (D:2)
  A dart slug (D:1)
  A ball python (D:2)
  2 bats
  2 endoplasms (D:2)
  A giant cockroach (D:1)
  A goblin (D:2)
  5 hobgoblins
  2 jackals (D:1)
  2 quokkas (D:1)
  A frilled lizard (D:2)
  2 kobolds (D:1)
  4 rats
26 creatures vanquished.

Notes
Turn   | Place    | Note
-------+----------+-------------------------------------------
     0 | D:1      | Drevant2 the Vine Stalker Brigand began the quest for the
                  | Orb.
     0 | D:1      | Reached XP level 1. HP: 11/11 MP: 2/2
   106 | D:1      | Reached skill level 5 in Stealth
   106 | D:1      | Reached XP level 2. HP: 12/15 MP: 3/3
   107 | D:1      | Reached skill level 1 in Dodging
   431 | D:1      | Reached XP level 3. HP: 13/18 MP: 2/4
  1102 | D:2      | Slain by an orc priest

Illustrated notes

Levels and vault maps discovered:
D:1:      dpeg_arrival_renting, layout_basic
D:2:      cheibrodos_pilgrimage, layout_basic, basic_ecumenical_altar,
          minmay_goblin_kobold_house

Skill      XL: |  1  2 |
---------------+-------+-----
Short Blades   | 2 |  2.7
Stealth        | 5 |  5.3
Dodging        | 1 |  1.4
Fighting       | |  1.7
Throwing       | |  1.9

Action                   || total
-------------------------++-------
Melee: Dagger            ||    72
       Bite              ||    18
  Use: Potion            ||     2
 Stab: Sleeping          ||     5
Armor: Robe              ||     8
Dodge: Dodged            ||    43

Table legend: (Time is in decaauts)
 A = Elapsed time spent in this place.
 B = Non-inter-level travel time spent in this place.
 C = Inter-level travel time spent in this place.
 D = Time resting spent in this place.
 E = Time spent auto-exploring this place.
 F = Levels seen in this place.
 G = Mean time per level.
                   A        B        C        D        E       F      G
               +--------+--------+--------+--------+--------+-----+--------+
         Total |   1103 |   1087 |     16 |    289 |    591 |   2 |  551.5 |
       Dungeon |   1103 |   1087 |     16 |    289 |    591 |   2 |  551.5 |
               +--------+--------+--------+--------+--------+-----+--------+

Top non-repeatable levels by time:
     D:1: 745 daAuts
     D:2: 357 daAuts
